Workbook
Name BDI: 1+(INDEX(#REF!,ROW())/100)
Name ContraPart1: #REF!-SUMIF(#REF!,">=0",#REF!)
Name ContraPart2: MAX(#REF!-SUM(#REF!),0)
Name Item: INDEX(#REF!,ROW())
Name ListaNomes: #REF!
Name Macroitem: INDEX(#REF!,ROW())
Name Macroitem1: INDEX(#REF!,ROW())
Name Macroitem2: INDEX(#REF!,ROW())
Name Macroitem3: INDEX(#REF!,ROW())
Name MacroitemAc: INDEX(#REF!,ROW())
Name MacroitemPer: INDEX(#REF!,ROW())
Name MacroitemRet: INDEX(#REF!,ROW())
Name matriz: #REF!
Name matriz2: #REF!
Name Medicao1: INDEX(#REF!,ROW())
Name Quantidade: INDEX(#REF!,ROW())
Name Quantidade1: INDEX(#REF!,ROW())
Name Quantidade2: INDEX(#REF!,ROW())
Name Quantidade3: INDEX(#REF!,ROW())
Name QuantidadeAc: SUM(OFFSET([0]!Medicao1,0,0,1,#REF!))
Name QuantidadePeriodo: INDEX([0]!TabMedicao,ROW(),#REF!)
Name Registro: IF(INDIRECT(ADDRESS(ROW()-1,COLUMN()))=#REF!,#REF!,IF(INDIRECT(ADDRESS(ROW()-1,COLUMN()))=#REF!,#REF!,IF(INDIRECT(ADDRESS(ROW()-1,COLUMN()))=#REF!,#REF!,"")))
Name ResParcial: OFFSET([0]!Subitem,0,0,MATCH(VLOOKUP("Macroitem",[0]!TabAux,1,FALSE),[0]!TabAux,0),1)
Name ResParcial1: OFFSET([0]!Subitem1,0,0,MATCH(VLOOKUP("Macroitem",[0]!TabAux,1,FALSE),[0]!TabAux,0),1)
Name ResParcial2: OFFSET([0]!Subitem2,0,0,MATCH(VLOOKUP("Macroitem",[0]!TabAux,1,FALSE),[0]!TabAux,0),1)
Name ResParcial3: OFFSET([0]!Subitem3,0,0,MATCH(VLOOKUP("Macroitem",[0]!TabAux,1,FALSE),[0]!TabAux,0),1)
Name ResParcialAc: OFFSET([0]!SubitemAc,0,0,MATCH(VLOOKUP("Macroitem",[0]!TabAux,1,FALSE),[0]!TabAux,0),1)
Name ResParcialPer: OFFSET([0]!SubitemPer,0,0,MATCH(VLOOKUP("Macroitem",[0]!TabAux,1,FALSE),[0]!TabAux,0),1)
Name ResParcialRet: OFFSET([0]!SubitemRet,0,0,MATCH(VLOOKUP("Macroitem",[0]!TabAux,1,FALSE),[0]!TabAux,0),1)
Name Subitem: INDEX(#REF!,ROW())
Name Subitem1: INDEX(#REF!,ROW())
Name Subitem2: INDEX(#REF!,ROW())
Name Subitem3: INDEX(#REF!,ROW())
Name SubitemAc: INDEX(#REF!,ROW())
Name SubitemPer: INDEX(#REF!,ROW())
Name SubitemRet: INDEX(#REF!,ROW())
Name TabAux: #REF!
Name TabAuxRes: #REF!
Name TabMedicao: #REF!
Name TESTE: #REF!*#REF!
Name TotalQ1C2: [0]!Quantidade1*[0]!Unitario2
Name TotalQ2C1: [0]!Quantidade2*[0]!Unitario1
Name TotalQ2C2: [0]!Quantidade2*[0]!Unitario2
Name TotalSubitem1: [0]!Quantidade1*[0]!Unitario1
Name Unitario1: INDEX(#REF!,ROW())
Name Unitario2: INDEX(#REF!,ROW())

Sheet PLANILHA ORÇAMENTÁRIA
A1: PLANILHA QUANTITATIVA E ORÇAMENTÁRIA
A3: OBRA: | B3: OBRA DE EXECUÇÃO DO NOVO CENTRO DE EDUCAÇÃO INFANTIL NOSSA SENHORA DA SALETE
A4: CE nº | B4: 9/2025/PMMG
A5: Valor Total: | B5: =G359 -> 0
A6: Valor do BDI: | B6: =BDI!K18 -> 0
A7: Razão Social:
A8: CNPJ/MF:
A10: ITEM | B10: FONTE | C10: ITENS DE SERVIÇO | D10: Unidade | E10: Quantidade | F10: Preço Unitário Com BDI (R$) | G10: Preço Total Com BDI (R$) | H10: %
A12: 1 | B12: SERVIÇOS PRELIMINARES
A13: 1.1 | B13: SINAPI 103689 | C13: Placa da obra em chapa de aço galvanizado, Padrão Governo Federal | D13: m² | E13: 3 | G13: =ROUND((E13*F13),2) -> 0 | H13: =G13*100/$G$359 -> #DIV/0!
A14: 1.2 | B14: SINAPI 98525 | C14: Limpeza mecanizada de terreno com remoção de camada vegetal | D14: m² | E14: 1825.4 | G14: =ROUND((E14*F14),2) -> 0 | H14: =G14*100/$G$359 -> #DIV/0!
A15: 1.3 | B15: SINAPI 104800 | C15: REMOÇÃO DE CERCAS E MOURÕES, DE FORMA MANUAL | D15: m | E15: 45 | G15: =ROUND((E15*F15),2) -> 0 | H15: =G15*100/$G$359 -> #DIV/0!
A16: 1.4 | B16: SEINFRA C4994 | C16: Locação de container alomoxarifado com piso naval - 6,00m x 2,35m | D16: mês | E16: 9 | G16: =ROUND((E16*F16),2) -> 0 | H16: =G16*100/$G$359 -> #DIV/0!
A17: 1.5 | B17: SEINFRA C5208 | C17: Locação de banheiro químico - incluso transporte, instalação e manutenção | D17: mês | E17: 9 | G17: =ROUND((E17*F17),2) -> 0 | H17: =G17*100/$G$359 -> #DIV/0!
A18: 1.6 | B18: Próprio COMP-01 | C18: Administração Local de Obra | D18: mês | E18: 9 | G18: =ROUND((E18*F18),2) -> 0 | H18: =G18*100/$G$359 -> #DIV/0!
A19: 1.7 | B19: SEINFRA C1622 | C19: Ligação provisória de água e esgoto | D19: un. | E19: 1 | G19: =ROUND((E19*F19),2) -> 0 | H19: =G19*100/$G$359 -> #DIV/0!
A20: 1.8 | B20: SCO AD 20.20.0050 | C20: Instalacao e ligacao provisorias de alimentacao de energia eletrica, em baixa tensao (BT), para canteiro de obras, exclusive o fornecimento do medidor. | D20: un. | E20: 1 | G20: =ROUND((E20*F20),2) -> 0 | H20: =G20*100/$G$359 -> #DIV/0!
A21: 1.9 | B21: SINAPI 98459 | C21: Tapume com telha metálica | D21: m² | E21: 401.5 | G21: =ROUND((E21*F21),2) -> 0 | H21: =G21*100/$G$359 -> #DIV/0!
A22: TOTAL DO ITEM | G22: =SUM(G13:G21) -> 0 | H22: =G22*100/$G$359 -> #DIV/0!
A24: 2 | B24: MOVIMENTO DE TERRAS PARA FUNDAÇÕES
A25: 2.1 | B25: SINAPI 94342 | C25: Aterro manual com areia para aterro | D25: m³ | E25: 298.88 | G25: =ROUND((E25*F25),2) -> 0 | H25: =G25*100/$G$359 -> #DIV/0!
A26: 2.2 | B26: SINAPI 90107 | C26: Escavação mecanizada de valas em qualquer terreno até h=2,0 m | D26: m³ | E26: 68.1028 | G26: =ROUND((E26*F26),2) -> 0 | H26: =G26*100/$G$359 -> #DIV/0!
A27: 2.3 | B27: SINAPI 101617 | C27: Preparo fundo de valas | D27: m² | E27: 133.676 | G27: =ROUND((E27*F27),2) -> 0 | H27: =G27*100/$G$359 -> #DIV/0!
A28: 2.4 | B28: SINAPI 93382 | C28: Reaterro manual de valas com compactação mecanizada | D28: m³ | E28: 23.83598 | G28: =ROUND((E28*F28),2) -> 0 | H28: =G28*100/$G$359 -> #DIV/0!
A29: TOTAL DO ITEM | G29: =SUM(G25:G28) -> 0 | H29: =G29*100/$G$359 -> #DIV/0!
A31: 3 | B31: FUNDAÇÕES
A32: 3.1 | B32: CONCRETO ARMADO PARA FUNDAÇÕES (BLOCOS E SAPATAS)
A33: 3.1.1 | B33: SINAPI 96619 | C33: Lastro de concreto não-estrutural, espessura 5cm | D33: m² | E33: 70.56 | G33: =ROUND((E33*F33),2) -> 0 | H33: =G33*100/$G$359 -> #DIV/0!
A34: 3.1.2 | B34: SINAPI 96535 | C34: Forma de madeira em tábuas para fundações, com reaproveitamento | D34: m² | E34: 48.47 | G34: =ROUND((E34*F34),2) -> 0 | H34: =G34*100/$G$359 -> #DIV/0!
A35: 3.1.3 | B35: SINAPI 92885 | C35: Armação de aço CA-50 Ø 12.5mm; incluso fornecimento, corte, dobra e colocação | D35: kg | E35: 152 | G35: =ROUND((E35*F35),2) -> 0 | H35: =G35*100/$G$359 -> #DIV/0!
A36: 3.1.4 | B36: SINAPI 92884 | C36: Armação de aço CA-50 Ø 10mm; incluso fornecimento, corte, dobra e colocação | D36: kg | E36: 629 | G36: =ROUND((E36*F36),2) -> 0 | H36: =G36*100/$G$359 -> #DIV/0!
A37: 3.1.5 | B37: SINAPI 92915 | C37: Armação de aço CA-60 Ø 5,0mm; incluso fornecimento, corte, dobra e colocação | D37: kg | E37: 145 | G37: =ROUND((E37*F37),2) -> 0 | H37: =G37*100/$G$359 -> #DIV/0!
A38: 3.1.6 | B38: SINAPI 96558 | C38: Concreto Bombeado fck= 30MPa; incluindo preparo, lançamento e adensamento | D38: m³ | E38: 19.5 | G38: =ROUND((E38*F38),2) -> 0 | H38: =G38*100/$G$359 -> #DIV/0!
A39: 3.2 | B39: CONCRETO ARMADO PARA FUNDAÇÕES - VIGAS BALDRAMES
A40: 3.2.1 | B40: SINAPI 96536 | C40: Forma de madeira em tábuas para fundações, com reaproveitamento | D40: m² | E40: 247.51 | G40: =ROUND((E40*F40),2) -> 0 | H40: =G40*100/$G$359 -> #DIV/0!
A41: 3.2.2 | B41: SINAPI 92915 | C41: Armação de aço CA-60 Ø 5,0mm; incluso fornecimento, corte, dobra e colocação | D41: kg | E41: 322 | G41: =ROUND((E41*F41),2) -> 0 | H41: =G41*100/$G$359 -> #DIV/0!
A42: 3.2.3 | B42: SINAPI 92883 | C42: Armação de aço CA-50 Ø 8mm; incluso fornecimento, corte, dobra e colocação | D42: kg | E42: 265 | G42: =ROUND((E42*F42),2) -> 0 | H42: =G42*100/$G$359 -> #DIV/0!
A43: 3.2.4 | B43: SINAPI 92884 | C43: Armação de açoCA-50 Ø 10mm; incluso fornecimento, corte, dobra e colocação | D43: kg | E43: 574 | G43: =ROUND((E43*F43),2) -> 0 | H43: =G43*100/$G$359 -> #DIV/0!
A44: 3.2.5 | B44: SINAPI 92885 | C44: Armação de aço CA-50 Ø 12.5mm; incluso fornecimento, corte, dobra e colocação | D44: kg | E44: 123 | G44: =ROUND((E44*F44),2) -> 0 | H44: =G44*100/$G$359 -> #DIV/0!
A45: 3.2.6 | B45: SINAPI 96557 | C45: Concreto Bombeado fck= 30MPa; incluindo preparo, lançamento e adensamento | D45: m³ | E45: 15.96 | G45: =ROUND((E45*F45),2) -> 0 | H45: =G45*100/$G$359 -> #DIV/0!
A46: TOTAL DO ITEM | G46: =SUM(G32:G45) -> 0 | H46: =G46*100/$G$359 -> #DIV/0!
A48: 4 | B48: SUPERESTRUTURA
A49: 4.1 | B49: CONCRETO ARMADO - VIGAS
A50: 4.1.1 | B50: SINAPI 92471 | C50: Montagem e desmontagem de forma para vigas, em chapa de madeira plastificada com reaproveitamento | D50: m² | E50: 165.28 | G50: =ROUND((E50*F50),2) -> 0 | H50: =G50*100/$G$359 -> #DIV/0!
A51: 4.1.2 | B51: SINAPI 92761 | C51: Armação de aço CA-50 Ø 8mm; incluso fornecimento, corte, dobra e colocação | D51: kg | E51: 278 | G51: =ROUND((E51*F51),2) -> 0 | H51: =G51*100/$G$359 -> #DIV/0!
A52: 4.1.3 | B52: SINAPI 92762 | C52: Armação de açoCA-50 Ø 10mm; incluso fornecimento, corte, dobra e colocação | D52: kg | E52: 635 | G52: =ROUND((E52*F52),2) -> 0 | H52: =G52*100/$G$359 -> #DIV/0!
A53: 4.1.4 | B53: SINAPI 92760 | C53: Armação de aço CA-60 Ø 6,3mm; incluso fornecimento, corte, dobra e colocação | D53: kg | E53: 136 | G53: =ROUND((E53*F53),2) -> 0 | H53: =G53*100/$G$359 -> #DIV/0!
A54: 4.1.5 | B54: SINAPI 92759 | C54: Armação de aço CA-60 Ø 5,0mm; incluso fornecimento, corte, dobra e colocação | D54: kg | E54: 362 | G54: =ROUND((E54*F54),2) -> 0 | H54: =G54*100/$G$359 -> #DIV/0!
A55: 4.1.6 | B55: SINAPI 92763 | C55: Armação de aço CA-50 Ø 12.5mm; incluso fornecimento, corte, dobra e colocação | D55: kg | E55: 281 | G55: =ROUND((E55*F55),2) -> 0 | H55: =G55*100/$G$359 -> #DIV/0!
A56: 4.1.7 | B56: SINAPI 103674 | C56: Concreto Bombeado fck= 30MPa; incluindo preparo, lançamento e adensamento | D56: m³ | E56: 18.62 | G56: =ROUND((E56*F56),2) -> 0 | H56: =G56*100/$G$359 -> #DIV/0!
A57: 4.2 | B57: CONCRETO ARMADO - PILARES
A58: 4.2.1 | B58: SINAPI 92415 | C58: Montagem e desmontagem de forma para pilares, em chapa de madeira compensada plastificada com reaproveitamento | D58: m² | E58: 193.7 | G58: =ROUND((E58*F58),2) -> 0 | H58: =G58*100/$G$359 -> #DIV/0!
A59: 4.2.2 | B59: SINAPI 92762 | C59: Armação de açoCA-50 Ø 10mm; incluso fornecimento, corte, dobra e colocação | D59: kg | E59: 635 | G59: =ROUND((E59*F59),2) -> 0 | H59: =G59*100/$G$359 -> #DIV/0!
A60: 4.2.3 | B60: SINAPI 92763 | C60: Armação de aço CA-50 Ø 12.5mm; incluso fornecimento, corte, dobra e colocação | D60: kg | E60: 298 | G60: =ROUND((E60*F60),2) -> 0 | H60: =G60*100/$G$359 -> #DIV/0!
A61: 4.2.4 | B61: SINAPI 92760 | C61: Armação de aço CA-60 Ø 6,3mm; incluso fornecimento, corte, dobra e colocação | D61: kg | E61: 152 | G61: =ROUND((E61*F61),2) -> 0 | H61: =G61*100/$G$359 -> #DIV/0!
A62: 4.2.5 | B62: SINAPI 92759 | C62: Armação de aço CA-60 Ø 5,0mm; incluso fornecimento, corte, dobra e colocação | D62: kg | E62: 179 | G62: =ROUND((E62*F62),2) -> 0 | H62: =G62*100/$G$359 -> #DIV/0!
A63: 4.2.6 | B63: SINAPI 103672 | C63: Concreto para Estrutura fck=25MPa, incluindo preparo, lançamento, adensamento. | D63: m³ | E63: 13.56 | G63: =ROUND((E63*F63),2) -> 0 | H63: =G63*100/$G$359 -> #DIV/0!
A64: 4.3 | B64: CONCRETO ARMADO - LAJES DE FORRO/BEIRAL (TERREO)
A65: 4.3.1 | B65: SINAPI 99235 | C65: Concreto para Estrutura fck=25MPa, incluindo preparo, lançamento, adensamento. | D65: m³ | E65: 47.94 | G65: =ROUND((E65*F65),2) -> 0 | H65: =G65*100/$G$359 -> #DIV/0!
A66: 4.3.2 | B66: SINAPI 101963 | C66: Laje pré-moldada unidirecional, biapoiada, para piso, enchimento em cerâmica, vigota convencional, altura total da laje (enchimento+capa | D66: m² | E66: 612.03 | G66: =ROUND((E66*F66),2) -> 0 | H66: =G66*100/$G$359 -> #DIV/0!
A67: 4.3.3 | B67: SINAPI 92771 | C67: Armação de laje de uma estrutura convencional de concreto armado em uma edificação térrea ou sobrado utilizando aço ca-60 de 10,0 mm - montagem. | D67: kg | E67: 53 | G67: =ROUND((E67*F67),2) -> 0 | H67: =G67*100/$G$359 -> #DIV/0!
A68: 4.3.4 | B68: SINAPI 92770 | C68: Armação de laje de uma estrutura convencional de concreto armado em uma edificação térrea ou sobrado utilizando aço ca-60 de 8,0 mm - montagem. | D68: kg | E68: 163 | G68: =ROUND((E68*F68),2) -> 0 | H68: =G68*100/$G$359 -> #DIV/0!
A69: 4.3.5 | B69: SINAPI 92769 | C69: Armação de laje de uma estrutura convencional de concreto armado em uma edificação térrea ou sobrado utilizando aço ca-50 de 6,3 mm - montagem. | D69: kg | E69: 1198 | G69: =ROUND((E69*F69),2) -> 0 | H69: =G69*100/$G$359 -> #DIV/0!
A70: 4.4 | B70: CONCRETO ARMADO - VERGAS E CONTRAVERGAS
A71: 4.4.1 | B71: SINAPI 93191 | C71: Verga e contraverga moldada in loco | D71: m | E71: 128.46 | G71: =ROUND((E71*F71),2) -> 0 | H71: =G71*100/$G$359 -> #DIV/0!
A72: 4.5 | B72: CONCRETO ARMADO - ESCADAS E RAMPAS
A73: 4.5.1 | B73: SINAPI 105004 | C73: Rampa de acessibilidade em concreto moldado in loco, em calçada nova, com largura menor que 3,00m, FCK 25MPa. | D73: m² | E73: 21.58 | G73: =ROUND((E73*F73),2) -> 0 | H73: =G73*100/$G$359 -> #DIV/0!
A74: TOTAL DO ITEM | G74: =SUM(G49:G73) -> 0 | H74: =G74*100/$G$359 -> #DIV/0!
A76: 5 | B76: SISTEMA DE VEDAÇÃO VERTICAL
A77: 5.1 | B77: ALVENARIA DE VEDAÇÃO
A78: 5.1.1 | B78: SINAPI 103360 | C78: Alvenaria de vedação de blocos cerâmicos furados na horizontal de 14x19x29cm (espessura 14cm), argamassa de assentamento com preparo em betoneira | D78: m² | E78: 915.94 | G78: =ROUND((E78*F78),2) -> 0 | H78: =G78*100/$G$359 -> #DIV/0!
A79: 5.1.2 | B79: SINAPI 101161 | C79: Alvenaria de vedação com elemento vazado de concreto (cobogó) de 7x50x50cm, assentamento com betoneira | D79: m² | E79: 15.6 | G79: =ROUND((E79*F79),2) -> 0 | H79: =G79*100/$G$359 -> #DIV/0!
A80: 5.1.3 | B80: SINAPI 102253 | C80: Divisoria sanitária, tipo cabine, em granito cinza polido, esp = 3cm, assentado com argamassa colante AC III-E | D80: m² | E80: 9.2 | G80: =ROUND((E80*F80),2) -> 0 | H80: =G80*100/$G$359 -> #DIV/0!
A81: TOTAL DO ITEM | G81: =SUM(G77:G80) -> 0 | H81: =G81*100/$G$359 -> #DIV/0!
A83: 6 | B83: ESQUADRIAS
A84: 6.1 | B84: PORTAS
A85: 6.1.1 | B85: ORSE 8029 | C85: Kit porta de madeira semi-oca, com visor de vidro 6mm, 80x210cm, inclusive batentes e ferragens. | D85: un | E85: 9 | G85: =ROUND((E85*F85),2) -> 0 | H85: =G85*100/$G$359 -> #DIV/0!
A86: 6.1.2 | B86: SINAPI 90789 | C86: Kit de porta pronta de madeira em acabamento melamínico, folha média, 70x210cm, fixação com preenchimento de espuma expansiva - fornecimento e instalação. | D86: un | E86: 3 | G86: =ROUND((E86*F86),2) -> 0 | H86: =G86*100/$G$359 -> #DIV/0!
A87: 6.1.3 | B87: SINAPI90790 | C87: Kit de porta pronta de madeira em acabamento melamínico, folha média, 80x210cm, fixação com preenchimento de espuma expansiva - fornecimento e instalação. | D87: un | E87: 8 | G87: =ROUND((E87*F87),2) -> 0 | H87: =G87*100/$G$359 -> #DIV/0!
A88: 6.1.4 | B88: SINAPI 100675 | C88: Kit de porta pronta de madeira em acabamento melamínico, folha média, 90x210cm, fixação com preenchimento de espuma expansiva - fornecimento e instalação. | D88: un | E88: 7 | G88: =ROUND((E88*F88),2) -> 0 | H88: =G88*100/$G$359 -> #DIV/0!
A89: 6.1.5 | B89: ORSE 8800 | C89: Kit de porta de mandeira de correr, lisa, semi-oca, 70x210cm, inclusive batentes e ferragens | D89: un | E89: 2 | G89: =ROUND((E89*F89),2) -> 0 | H89: =G89*100/$G$359 -> #DIV/0!
A90: 6.1.6 | B90: SINAPI 91341 | C90: Porta em alumínio de abrir tipo veneziana com guarnição, fixação com parafusos - fornecimento e instalação. Af_12/2019 | D90: m² | E90: 5.46 | G90: =ROUND((E90*F90),2) -> 0 | H90: =G90*100/$G$359 -> #DIV/0!
A91: 6.1.7 | B91: ORSE 14744 | C91: Porta de esquadria em alumínio e vidro, cor preta, com vidro 6mm, conforme projeto, fornecimento e instalação | D91: m² | E91: 19.47 | G91: =ROUND((E91*F91),2) -> 0 | H91: =G91*100/$G$359 -> #DIV/0!
A92: 6.1.8 | B92: SINAPI 100874 | C92: Puxador para PCD, fixado na porta - fornecimento e instalação | D92: un | E92: 3 | G92: =ROUND((E92*F92),2) -> 0 | H92: =G92*100/$G$359 -> #DIV/0!
A93: 6.2 | B93: JANELAS DE ALUMÍNIO
A94: 6.2.1 | B94: SINAPI 94569 | C94: Janela de Alumínio, maxim-ar, tamanhos conforme projeto de esquadrias, inclusive ferragens e vidro liso fumê, espessura 6mm | D94: m² | E94: 9.9 | G94: =ROUND((E94*F94),2) -> 0 | H94: =G94*100/$G$359 -> #DIV/0!
A95: 6.2.2 | B95: SINAPI 94573 | C95: Janela de alumínio de correr, com quatro folhas para vidros (vidros inclusos), com acabamento, vedação com silicone, fornecimento e instalação | D95: m² | E95: 52.8 | G95: =ROUND((E95*F95),2) -> 0 | H95: =G95*100/$G$359 -> #DIV/0!
A96: 6.3 | B96: FERRAGENS E ACESSÓRIOS
A97: 6.3.1 | B97: SINAPI 3104 | C97: Conj. De ferragens para porta de vidro temperado, em zamac cromado, contemplando dobradica inf., dobradica sup., pivo para dobradica inf., pivo para dobradica sup., fechadura central em zamc. Cromado, contra fechadura de pressao | D97: cj | E97: 2 | G97: =ROUND((E97*F97),2) -> 0 | H97: =G97*100/$G$359 -> #DIV/0!
A98: 6.3.2 | B98: SINAPI 100674 | C98: Caxilho fixo de alumínio, para vidro (vidro incluso), batente/requadro, ficação com parafusos, vedação com silicone - fornecimento e instalação | D98: m² | E98: 1.26 | G98: =ROUND((E98*F98),2) -> 0 | H98: =G98*100/$G$359 -> #DIV/0!
A99: TOTAL DO ITEM | G99: =SUM(G84:G98) -> 0 | H99: =G99*100/$G$359 -> #DIV/0!
A101: 7 | B101: SISTEMAS DE COBERTURA
A102: 7.1 | B102: SINAPI 94210 | C102: Telhamento com telha ondulada de fibrocimento e = 6 mm, com recobrimento lateral de 1/4 de onda | D102: m² | E102: 534.82 | G102: =ROUND((E102*F102),2) -> 0 | H102: =G102*100/$G$359 -> #DIV/0!
A103: 7.2 | B103: SINAPI 92543 | C103: Trama de madeira composta por terças para telhados de ate duas aguas para telha ondulada fibrocimento | D103: m² | E103: 534.82 | G103: =ROUND((E103*F103),2) -> 0 | H103: =G103*100/$G$359 -> #DIV/0!
A104: 7.3 | B104: SINAPI 94231 | C104: Rufo em chapa de alumínio, corte de 25cm, incluso transporte vertical. | D104: m | E104: 41.55 | G104: =ROUND((E104*F104),2) -> 0 | H104: =G104*100/$G$359 -> #DIV/0!
A105: 7.4 | B105: SINAPI 94228 | C105: Calha em chapa de alumínio, desenvolvimento de 50cm, incluso transporte vertical. | D105: m | E105: 58.15 | G105: =ROUND((E105*F105),2) -> 0 | H105: =G105*100/$G$359 -> #DIV/0!
A106: 7.5 | B106: SINAPI 101979 | C106: Chapim (Rufo capa) em aço galvanizado | D106: m | E106: 100.5 | G106: =ROUND((E106*F106),2) -> 0 | H106: =G106*100/$G$359 -> #DIV/0!
A107: TOTAL DO ITEM | G107: =SUM(G102:G106) -> 0 | H107: =G107*100/$G$359 -> #DIV/0!
A109: 8 | B109: IMPERMEABILIZAÇÃO
A110: 8.1 | B110: SINAPI 98557 | C110: Impermeabilização com tinta betuminosa em fundações (vigas baldrames) | D110: m² | E110: 349.542 | G110: =ROUND((E110*F110),2) -> 0 | H110: =G110*100/$G$359 -> #DIV/0!
...

Sheet CRONOGRAMA FISCO-FINANCEIRO
A1: CRONOGRAMA FÍSICO FINANCEIRO
A4: OBRA: | B4: ='PLANILHA ORÇAMENTÁRIA'!A3 -> OBRA: | C4: ='PLANILHA ORÇAMENTÁRIA'!B3 -> OBRA DE EXECUÇÃO DO NOVO CENTRO DE EDUCAÇÃO INFANTIL NOSSA SENHORA DA SALETE
A5: ='PLANILHA ORÇAMENTÁRIA'!A4 -> CE nº | B5: ='PLANILHA ORÇAMENTÁRIA'!A4 -> CE nº | C5: ='PLANILHA ORÇAMENTÁRIA'!B4 -> 9/2025/PMMG
A6: Valor Total: | B6: ='PLANILHA ORÇAMENTÁRIA'!A5 -> Valor Total: | C6: ='PLANILHA ORÇAMENTÁRIA'!C5 -> 0
A7: Valor do BDI: | B7: ='PLANILHA ORÇAMENTÁRIA'!A6 -> Valor do BDI: | C7: =BDI!L18 -> 0
A8: Razão Social: | B8: ='PLANILHA ORÇAMENTÁRIA'!A7 -> Razão Social: | C8: ='PLANILHA ORÇAMENTÁRIA'!C7 -> 0
A9: CNPJ/MF: | B9: ='PLANILHA ORÇAMENTÁRIA'!A8 -> CNPJ/MF: | C9: ='PLANILHA ORÇAMENTÁRIA'!C8 -> 0
A11: ITEM | B11: DISCRIMINAÇÃO | E11: PERÍODO EM MESES | W11: TOTAL
E12: MÊS 01 | G12: MÊS 02 | I12: MÊS 03 | K12: MÊS 04 | M12: MÊS 05 | O12: MÊS 06 | Q12: MÊS 07 | S12: MÊS 08 | U12: MÊS 09
E13: R$ | F13: % | G13: R$ | H13: % | I13: R$ | J13: % | K13: R$ | L13: % | M13: R$ | N13: % | O13: R$ | P13: % | Q13: R$ | R13: % | S13: R$ | T13: % | U13: R$ | V13: % | W13: R$ | X13: %
A14: 1 | B14: ='PLANILHA ORÇAMENTÁRIA'!B12:H12 -> SERVIÇOS PRELIMINARES | E14: =(W14*F14) -> 0 | F14: 0.2 | G14: =(W14*H14) -> 0 | H14: 0.1 | I14: =(W14*J14) -> 0 | J14: 0.1 | K14: =(W14*L14) -> 0 | L14: 0.1 | M14: =(W14*N14) -> 0 | N14: 0.1 | O14: =(W14*P14) -> 0 | P14: 0.1 | Q14: =(W14*R14) -> 0 | R14: 0.1 | S14: =(W14*T14) -> 0 | T14: 0.1 | U14: =(W14*V14) -> 0 | V14: 0.1 | W14: ='PLANILHA ORÇAMENTÁRIA'!G22 -> 0 | X14: =W14*$X$34/$W$34 -> #DIV/0!
A15: 2 | B15: ='PLANILHA ORÇAMENTÁRIA'!B24:H24 -> MOVIMENTO DE TERRAS PARA FUNDAÇÕES | E15: =(W15*F15) -> 0 | F15: 0.5 | G15: =(W15*H15) -> 0 | H15: 0.5 | I15: =(W15*J15) -> 0 | J15: 0 | K15: =(W15*L15) -> 0 | L15: 0 | M15: =(W15*N15) -> 0 | N15: 0 | O15: =(W15*P15) -> 0 | P15: 0 | Q15: =(W15*R15) -> 0 | R15: 0 | S15: =(W15*T15) -> 0 | T15: 0 | U15: =(W15*V15) -> 0 | V15: 0 | W15: ='PLANILHA ORÇAMENTÁRIA'!G29 -> 0 | X15: =W15*$X$34/$W$34 -> #DIV/0!
A16: 3 | B16: ='PLANILHA ORÇAMENTÁRIA'!B31:H31 -> FUNDAÇÕES | E16: =(W16*F16) -> 0 | F16: 0.3 | G16: =(W16*H16) -> 0 | H16: 0.7 | I16: =(W16*J16) -> 0 | J16: 0 | K16: =(W16*L16) -> 0 | L16: 0 | M16: =(W16*N16) -> 0 | N16: 0 | O16: =(W16*P16) -> 0 | P16: 0 | Q16: =(W16*R16) -> 0 | R16: 0 | S16: =(W16*T16) -> 0 | T16: 0 | U16: =(W16*V16) -> 0 | V16: 0 | W16: ='PLANILHA ORÇAMENTÁRIA'!G46 -> 0 | X16: =W16*$X$34/$W$34 -> #DIV/0!
A17: 4 | B17: ='PLANILHA ORÇAMENTÁRIA'!B48:H48 -> SUPERESTRUTURA | E17: =(W17*F17) -> 0 | F17: 0 | G17: =(W17*H17) -> 0 | H17: 0.3 | I17: =(W17*J17) -> 0 | J17: 0.4 | K17: =(W17*L17) -> 0 | L17: 0.3 | M17: =(W17*N17) -> 0 | N17: 0 | O17: =(W17*P17) -> 0 | P17: 0 | Q17: =(W17*R17) -> 0 | R17: 0 | S17: =(W17*T17) -> 0 | T17: 0 | U17: =(W17*V17) -> 0 | V17: 0 | W17: ='PLANILHA ORÇAMENTÁRIA'!G74 -> 0 | X17: =W17*$X$34/$W$34 -> #DIV/0!
A18: 5 | B18: ='PLANILHA ORÇAMENTÁRIA'!B76:C76 -> SISTEMA DE VEDAÇÃO VERTICAL | E18: =(W18*F18) -> 0 | F18: 0 | G18: =(W18*H18) -> 0 | H18: 0 | I18: =(W18*J18) -> 0 | J18: 0.5 | K18: =(W18*L18) -> 0 | L18: 0.5 | M18: =(W18*N18) -> 0 | N18: 0 | O18: =(W18*P18) -> 0 | P18: 0 | Q18: =(W18*R18) -> 0 | R18: 0 | S18: =(W18*T18) -> 0 | T18: 0 | U18: =(W18*V18) -> 0 | V18: 0 | W18: ='PLANILHA ORÇAMENTÁRIA'!G81 -> 0 | X18: =W18*$X$34/$W$34 -> #DIV/0!
A19: 6 | B19: ='PLANILHA ORÇAMENTÁRIA'!B83:C83 -> ESQUADRIAS | E19: =(W19*F19) -> 0 | F19: 0 | G19: =(W19*H19) -> 0 | H19: 0 | I19: =(W19*J19) -> 0 | J19: 0 | K19: =(W19*L19) -> 0 | L19: 0 | M19: =(W19*N19) -> 0 | N19: 0 | O19: =(W19*P19) -> 0 | P19: 1 | Q19: =(W19*R19) -> 0 | R19: 0 | S19: =(W19*T19) -> 0 | T19: 0 | U19: =(W19*V19) -> 0 | V19: 0 | W19: ='PLANILHA ORÇAMENTÁRIA'!G99 -> 0 | X19: =W19*$X$34/$W$34 -> #DIV/0!
A20: 7 | B20: ='PLANILHA ORÇAMENTÁRIA'!B101:H101 -> SISTEMAS DE COBERTURA | E20: =(W20*F20) -> 0 | F20: 0 | G20: =(W20*H20) -> 0 | H20: 0 | I20: =(W20*J20) -> 0 | J20: 0 | K20: =(W20*L20) -> 0 | L20: 0.2 | M20: =(W20*N20) -> 0 | N20: 0.8 | O20: =(W20*P20) -> 0 | P20: 0 | Q20: =(W20*R20) -> 0 | R20: 0 | S20: =(W20*T20) -> 0 | T20: 0 | U20: =(W20*V20) -> 0 | V20: 0 | W20: ='PLANILHA ORÇAMENTÁRIA'!G107 -> 0 | X20: =W20*$X$34/$W$34 -> #DIV/0!
A21: 8 | B21: ='PLANILHA ORÇAMENTÁRIA'!B109:H109 -> IMPERMEABILIZAÇÃO | E21: =(W21*F21) -> 0 | F21: 0 | G21: =(W21*H21) -> 0 | H21: 0.2 | I21: =(W21*J21) -> 0 | J21: 0.4 | K21: =(W21*L21) -> 0 | L21: 0.4 | M21: =(W21*N21) -> 0 | N21: 0 | O21: =(W21*P21) -> 0 | P21: 0 | Q21: =(W21*R21) -> 0 | R21: 0 | S21: =(W21*T21) -> 0 | T21: 0 | U21: =(W21*V21) -> 0 | V21: 0 | W21: ='PLANILHA ORÇAMENTÁRIA'!G112 -> 0 | X21: =W21*$X$34/$W$34 -> #DIV/0!
A22: 9 | B22: ='PLANILHA ORÇAMENTÁRIA'!B114:H114 -> REVESTIMENTOS INTERNOS E EXTERNOS | E22: =(W22*F22) -> 0 | F22: 0 | G22: =(W22*H22) -> 0 | H22: 0 | I22: =(W22*J22) -> 0 | J22: 0 | K22: =(W22*L22) -> 0 | L22: 0 | M22: =(W22*N22) -> 0 | N22: 0.5 | O22: =(W22*P22) -> 0 | P22: 0.5 | Q22: =(W22*R22) -> 0 | R22: 0 | S22: =(W22*T22) -> 0 | T22: 0 | U22: =(W22*V22) -> 0 | V22: 0 | W22: ='PLANILHA ORÇAMENTÁRIA'!G123 -> 0 | X22: =W22*$X$34/$W$34 -> #DIV/0!
A23: 10 | B23: ='PLANILHA ORÇAMENTÁRIA'!B125:H125 -> SISTEMAS DE PISOS | E23: =(W23*F23) -> 0 | F23: 0 | G23: =(W23*H23) -> 0 | H23: 0 | I23: =(W23*J23) -> 0 | J23: 0 | K23: =(W23*L23) -> 0 | L23: 0 | M23: =(W23*N23) -> 0 | N23: 0 | O23: =(W23*P23) -> 0 | P23: 0.5 | Q23: =(W23*R23) -> 0 | R23: 0.5 | S23: =(W23*T23) -> 0 | T23: 0 | U23: =(W23*V23) -> 0 | V23: 0 | W23: ='PLANILHA ORÇAMENTÁRIA'!G133 -> 0 | X23: =W23*$X$34/$W$34 -> #DIV/0!
A24: 11 | B24: ='PLANILHA ORÇAMENTÁRIA'!B135:H135 -> PINTURAS, ACABAMENTOS, SINALIZAÇÃO | E24: =(W24*F24) -> 0 | F24: 0 | G24: =(W24*H24) -> 0 | H24: 0 | I24: =(W24*J24) -> 0 | J24: 0 | K24: =(W24*L24) -> 0 | L24: 0 | M24: =(W24*N24) -> 0 | N24: 0 | O24: =(W24*P24) -> 0 | P24: 0 | Q24: =(W24*R24) -> 0 | R24: 0.2 | S24: =(W24*T24) -> 0 | T24: 0.5 | U24: =(W24*V24) -> 0 | V24: 0.3 | W24: ='PLANILHA ORÇAMENTÁRIA'!G140 -> 0 | X24: =W24*$X$34/$W$34 -> #DIV/0!
A25: 12 | B25: ='PLANILHA ORÇAMENTÁRIA'!B142:H142 -> INSTALAÇÕES HIDRÁULICAS | E25: =(W25*F25) -> 0 | F25: 0 | G25: =(W25*H25) -> 0 | H25: 0 | I25: =(W25*J25) -> 0 | J25: 0 | K25: =(W25*L25) -> 0 | L25: 0 | M25: =(W25*N25) -> 0 | N25: 0.5 | O25: =(W25*P25) -> 0 | P25: 0.5 | Q25: =(W25*R25) -> 0 | R25: 0 | S25: =(W25*T25) -> 0 | T25: 0 | U25: =(W25*V25) -> 0 | V25: 0 | W25: ='PLANILHA ORÇAMENTÁRIA'!G156 -> 0 | X25: =W25*$X$34/$W$34 -> #DIV/0!
A26: 13 | B26: ='PLANILHA ORÇAMENTÁRIA'!B158:H158 -> INSTALAÇÕES SANITÁRIAS | E26: =(W26*F26) -> 0 | F26: 0 | G26: =(W26*H26) -> 0 | H26: 0 | I26: =(W26*J26) -> 0 | J26: 0.2 | K26: =(W26*L26) -> 0 | L26: 0 | M26: =(W26*N26) -> 0 | N26: 0 | O26: =(W26*P26) -> 0 | P26: 0.8 | Q26: =(W26*R26) -> 0 | R26: 0 | S26: =(W26*T26) -> 0 | T26: 0 | U26: =(W26*V26) -> 0 | V26: 0 | W26: ='PLANILHA ORÇAMENTÁRIA'!G180 -> 0 | X26: =W26*$X$34/$W$34 -> #DIV/0!
A27: 14 | B27: ='PLANILHA ORÇAMENTÁRIA'!B182:H182 -> LOUÇAS, ACESSÓRIOS E METAIS | E27: =(W27*F27) -> 0 | F27: 0 | G27: =(W27*H27) -> 0 | H27: 0 | I27: =(W27*J27) -> 0 | J27: 0 | K27: =(W27*L27) -> 0 | L27: 0 | M27: =(W27*N27) -> 0 | N27: 0 | O27: =(W27*P27) -> 0 | P27: 0 | Q27: =(W27*R27) -> 0 | R27: 0 | S27: =(W27*T27) -> 0 | T27: 0.2 | U27: =(W27*V27) -> 0 | V27: 0.8 | W27: ='PLANILHA ORÇAMENTÁRIA'!G204 -> 0 | X27: =W27*$X$34/$W$34 -> #DIV/0!
A28: 15 | B28: ='PLANILHA ORÇAMENTÁRIA'!B206:H206 -> SISTEMA DE PROTEÇÃO CONTRA INCÊNDIO | E28: =(W28*F28) -> 0 | F28: 0 | G28: =(W28*H28) -> 0 | H28: 0 | I28: =(W28*J28) -> 0 | J28: 0 | K28: =(W28*L28) -> 0 | L28: 0 | M28: =(W28*N28) -> 0 | N28: 0 | O28: =(W28*P28) -> 0 | P28: 0 | Q28: =(W28*R28) -> 0 | R28: 0 | S28: =(W28*T28) -> 0 | T28: 0.5 | U28: =(W28*V28) -> 0 | V28: 0.5 | W28: ='PLANILHA ORÇAMENTÁRIA'!G213 -> 0 | X28: =W28*$X$34/$W$34 -> #DIV/0!
A29: 16 | B29: ='PLANILHA ORÇAMENTÁRIA'!B215:H215 -> PLUVIAL | E29: =(W29*F29) -> 0 | F29: 0 | G29: =(W29*H29) -> 0 | H29: 0 | I29: =(W29*J29) -> 0 | J29: 0 | K29: =(W29*L29) -> 0 | L29: 0 | M29: =(W29*N29) -> 0 | N29: 0 | O29: =(W29*P29) -> 0 | P29: 0.4 | Q29: =(W29*R29) -> 0 | R29: 0.6 | S29: =(W29*T29) -> 0 | T29: 0 | U29: =(W29*V29) -> 0 | V29: 0 | W29: ='PLANILHA ORÇAMENTÁRIA'!G222 -> 0 | X29: =W29*$X$34/$W$34 -> #DIV/0!
A30: 17 | B30: ='PLANILHA ORÇAMENTÁRIA'!B224:H224 -> INSTALAÇÕES ELÉTRICAS, ENTRADA DE ENERGIA E SPDA | E30: =(W30*F30) -> 0 | F30: 0 | G30: =(W30*H30) -> 0 | H30: 0 | I30: =(W30*J30) -> 0 | J30: 0 | K30: =(W30*L30) -> 0 | L30: 0 | M30: =(W30*N30) -> 0 | N30: 0 | O30: =(W30*P30) -> 0 | P30: 0 | Q30: =(W30*R30) -> 0 | R30: 0.4 | S30: =(W30*T30) -> 0 | T30: 0.4 | U30: =(W30*V30) -> 0 | V30: 0.2 | W30: ='PLANILHA ORÇAMENTÁRIA'!G308 -> 0 | X30: =W30*$X$34/$W$34 -> #DIV/0!
A31: 18 | B31: ='PLANILHA ORÇAMENTÁRIA'!B310:H310 -> PLAYGROUND | E31: =(W31*F31) -> 0 | F31: 0 | G31: =(W31*H31) -> 0 | H31: 0 | I31: =(W31*J31) -> 0 | J31: 0 | K31: =(W31*L31) -> 0 | L31: 0 | M31: =(W31*N31) -> 0 | N31: 0 | O31: =(W31*P31) -> 0 | P31: 0 | Q31: =(W31*R31) -> 0 | R31: 0 | S31: =(W31*T31) -> 0 | T31: 0.5 | U31: =(W31*V31) -> 0 | V31: 0.5 | W31: ='PLANILHA ORÇAMENTÁRIA'!G332 -> 0 | X31: =W31*$X$34/$W$34 -> #DIV/0!
A32: 19 | B32: ='PLANILHA ORÇAMENTÁRIA'!B334:H334 -> CAMPINHO | E32: =(W32*F32) -> 0 | F32: 0 | G32: =(W32*H32) -> 0 | H32: 0 | I32: =(W32*J32) -> 0 | J32: 0 | K32: =(W32*L32) -> 0 | L32: 0 | M32: =(W32*N32) -> 0 | N32: 0 | O32: =(W32*P32) -> 0 | P32: 0 | Q32: =(W32*R32) -> 0 | R32: 0 | S32: =(W32*T32) -> 0 | T32: 0.5 | U32: =(W32*V32) -> 0 | V32: 0.5 | W32: ='PLANILHA ORÇAMENTÁRIA'!G344 -> 0 | X32: =W32*$X$34/$W$34 -> #DIV/0!
A33: 20 | B33: ='PLANILHA ORÇAMENTÁRIA'!B346:H346 -> MUROS E FECHAMENTOS | E33: =(W33*F33) -> 0 | F33: 0 | G33: =(W33*H33) -> 0 | H33: 0 | I33: =(W33*J33) -> 0 | J33: 0 | K33: =(W33*L33) -> 0 | L33: 0 | M33: =(W33*N33) -> 0 | N33: 0 | O33: =(W33*P33) -> 0 | P33: 0 | Q33: =(W33*R33) -> 0 | R33: 0.5 | S33: =(W33*T33) -> 0 | T33: 0.5 | U33: =(W33*V33) -> 0 | V33: 0 | W33: ='PLANILHA ORÇAMENTÁRIA'!G357 -> 0 | X33: =W33*$X$34/$W$34 -> #DIV/0!
B34: VALOR DA OBRA | E34: =SUM(E14:E33) -> 0 | G34: =SUM(G14:G21) -> 0 | I34: =SUM(I14:I33) -> 0 | K34: =SUM(K14:K33) -> 0 | M34: =SUM(M14:M33) -> 0 | O34: =SUM(O14:O33) -> 0 | Q34: =SUM(Q14:Q33) -> 0 | S34: =SUM(S14:S33) -> 0 | U34: =SUM(U14:U33) -> 0 | W34: =SUM(W14:W33) -> 0 | X34: 100
B35: VALOR ACUMULADO | E35: =E34 -> 0 | G35: =E35+G34 -> 0 | I35: =G35+I34 -> 0 | K35: =I35+K34 -> 0 | M35: =K35+M34 -> 0 | O35: =M35+O34 -> 0 | Q35: =O35+Q34 -> 0 | S35: =Q35+S34 -> 0 | U35: =S35+U34 -> 0 | W35: =W34 -> 0
B36: PERCENTUAL DA OBRA | E36: =(E34*100/$W$34) -> #DIV/0! | G36: =(G34*100/$W$34) -> #DIV/0! | I36: =(I34*100/$W$34) -> #DIV/0! | K36: =(K34*100/$W$34) -> #DIV/0! | M36: =(M34*100/$W$34) -> #DIV/0! | O36: =(O34*100/$W$34) -> #DIV/0! | Q36: =(Q34*100/$W$34) -> #DIV/0! | S36: =(S34*100/$W$34) -> #DIV/0! | U36: =(U34*100/$W$34) -> #DIV/0!
B37: SOMATÓRIO ACUMULADO % | E37: =E35*100/$W$34 -> #DIV/0! | G37: =SUM(E37+G36) -> #DIV/0! | I37: =SUM(G37+I36) -> #DIV/0! | K37: =SUM(I37+K36) -> #DIV/0! | M37: =SUM(K37+M36) -> #DIV/0! | O37: =SUM(M37+O36) -> #DIV/0! | Q37: =SUM(O37+Q36) -> #DIV/0! | S37: =SUM(Q37+S36) -> #DIV/0! | U37: =SUM(S37+U36) -> #DIV/0!

Sheet BDI
A1: QUADRO DE COMPOSIÇÃO DO BDI
A2: ='PLANILHA ORÇAMENTÁRIA'!A3 -> OBRA: | B2: ='PLANILHA ORÇAMENTÁRIA'!B3:H3 -> OBRA DE EXECUÇÃO DO NOVO CENTRO DE EDUCAÇÃO INFANTIL NOSSA SENHORA DA SALETE
A3: ='PLANILHA ORÇAMENTÁRIA'!A4 -> CE nº | B3: ='PLANILHA ORÇAMENTÁRIA'!B4 -> 9/2025/PMMG
A4: ='PLANILHA ORÇAMENTÁRIA'!A5 -> Valor Total: | B4: ='PLANILHA ORÇAMENTÁRIA'!B5:H5 -> 0
A5: ='PLANILHA ORÇAMENTÁRIA'!A6 -> Valor do BDI: | B5: =K18 -> 0
A6: ='PLANILHA ORÇAMENTÁRIA'!A7 -> Razão Social: | B6: ='PLANILHA ORÇAMENTÁRIA'!B7 -> 0
A7: ='PLANILHA ORÇAMENTÁRIA'!A8 -> CNPJ/MF: | B7: ='PLANILHA ORÇAMENTÁRIA'!B8 -> 0
A9: Item | B9: Descrição Análitica | J9: Siglas | K9: % Adotado
A10: 1 | B10: Administração Central | J10: AC | K10: 0
A11: 2 | B11: Seguro e Garantia | J11: S + G | K11: 0
A12: 3 | B12: Risco | J12: R | K12: 0
A13: 4 | B13: Despesas Financeiras | J13: DF | K13: 0
A14: 5 | B14: Lucro | J14: L | K14: 0
A15: 6 | B15: Tributos (impostos: COFINS 3% e PIS 0,65%) | J15: CP | K15: 0
A16: 7 | B16: Tributos (ISS) | J16: ISS | K16: 0
A17: 8 | B17: Tributos (Contribuição Previdenciária sobre a Receita Bruta) | J17: CPRB | K17: 0
A18: 9 | B18: BDI COM desoneração (Fórmula Acórdão TCU) | J18: BDI PAD | K18: =((1+K10+K11+K12) * (1+K13) * (1+K14)) / (1-K15-K16-K17) -1 -> 0
A19: FORMULA - ACÓRDÃO TCU 2.622/2013

Sheet ENCARGOS SOCIAIS
A1: DEMOSTRATIVO DA TAXA DE ENCARGOS SOCIAIS
A2: OBRA: | B2: ='PLANILHA ORÇAMENTÁRIA'!B3:H3 -> OBRA DE EXECUÇÃO DO NOVO CENTRO DE EDUCAÇÃO INFANTIL NOSSA SENHORA DA SALETE
A3: ='PLANILHA ORÇAMENTÁRIA'!A4 -> CE nº | B3: ='PLANILHA ORÇAMENTÁRIA'!B4:H4 -> 9/2025/PMMG
A4: Valor Total: | B4: ='PLANILHA ORÇAMENTÁRIA'!B5:H5 -> 0
A5: Valor do BDI: | B5: =BDI!B5 -> 0
A6: Razão Social: | B6: ='PLANILHA ORÇAMENTÁRIA'!B7 -> 0
A7: CNPJ/MF: | B7: ='PLANILHA ORÇAMENTÁRIA'!B8 -> 0
A9: GRUPO A | B9: Encargos Sociais | J9: Instrução de Serviços DG nº 03/2012
B10: PREVIDENCIA SOCIAL | J10: 0
B11: FUNDO DE GARANTIA POR TEMPO DE SERVIÇO | J11: 0
B12: SALARIO EDUCAÇÃO | J12: 0
B13: SERVIÇO DA INDUSTRIA - SESI | J13: 0
B14: SERVIÇO NACIONAL DE APRENDIZAGEM INDUSTRIAL | J14: 0
B15: SERVIÇO DE APOIO A PEQUENA E MEDIA EMPRESA | J15: 0
B16: INSTITUTO NACIONAL DE COLONIZAÇÃO E REFORMA AGRATIA - INCRA | J16: 0
B17: SEGURO CONTRA OS ACIDENTES DE TRABALHO | J17: 0
B18: SERVIÇO SOCIAL DA INDUSTRIA DA CONSTRUÇÃO E DO MOBILIARIO - SECONCI | J18: 0
B19: Sub-Total Grupo A | J19: =SUM(J10:J18) -> 0
A20: GRUPO B | B20: REPOUSO SEMANAL E FERIADOS | J20: 0
B21: AUXILIO - ENFERMIDADE | J21: 0
B22: LICENÇA PATERNIDADE | J22: 0
B23: 13º SALARIO | J23: 0
B24: DIAS DE CHUVA, FALTAS, JUSTIFICATIVAS, ACIDENTES DE TRABALHO, OUTRAS PARALIZAÇÕES | J24: 0
B25: Sub-Total Grupo B | J25: =SUM(J20:J24) -> 0
A26: GRUPO C | B26: DEPOSITO POR DESPEDIDA INJUSTA | J26: 0
B27: AVISO PREVIO INDENIZADO | J27: 0
B28: FÉRIAS INDENIZADAS | J28: 0
B29: Sub-Total Grupo C | J29: =SUM(J26:J28) -> 0
A30: GRUPO D | B30: REINCIDENCIA DO GRUPO (A) SOBRE O GRUPO (B) | J30: 0
B31: REINCIDENCIA DO FGTS SOBRE O AVISO PREVIO | J31: 0
B32: Sub-Total Grupo D | J32: =SUM(J30:J31) -> 0
A33: GRUPO E | B33: ENCARGOS INTERSINDICAIS | J33: 0
B34: Sub-Total Grupo E | J34: =SUM(J33) -> 0
A35: TOTAL GERAL | J35: =J19+J25+J29+J32+J34 -> 0
